 Dungeon Crawl Stone Soup version 0.28.0-56-g4927b6849a (webtiles) character file.

Game seed: 4074440546453275321

9364 AarnesTheHuman the Fighter (level 11, -7/153 HPs)
             Began as a Hill Orc Fighter on Feb 9, 2023.
             Was a Believer of Makhleb.
             Mangled by a merfolk
             ... wielding a +0 trident
              (12 damage)
             ... on level 2 of the Lair of Beasts.
             The game lasted 00:21:54 (16947 turns).

AarnesTheHuman the Fighter (Hill Orc Fighter)      Turns: 16947, Time: 00:21:55

Health: -7/153     AC: 25    Str: 24    XL:     11   Next: 45%
Magic:  18/18      EV:  2    Int:  8    God:    Makhleb [**....]
Gold:   605        SH: 10    Dex: 10    Spells: 10/10 levels left

rFire   . . .      SeeInvis .   b - +2 whip (venom)
rCold   . . .      Faith    .   E - +0 kite shield
rNeg    . . .      Spirit   .   (armour currently unavailable)
rPois   +          Reflect  .   (helmet currently unavailable)
rElec   .          Harm     .   (cloak currently unavailable)
rCorr   +          Rampage  .   (gloves currently unavailable)
Will    +....      NoTele   +   (boots currently unavailable)
Stlth   +.........              (no amulet)
HPRegen 0.35/turn               z - ring of willpower
MPRegen 0.16/turn               y - ring of resist corrosion

@: tree-form
A: stationary, stasis, torment immunity, boosted hp
a: Renounce Religion, Minor Destruction


You were on level 2 of the Lair of Beasts.
You worshipped Makhleb.
Makhleb was pleased with you.
You were a tree.
You visited 2 branches of the dungeon, and saw 12 of its levels.

You collected 605 gold pieces.

Inventory:

Hand Weapons
 a - a +3 whip of freezing
 b - a +2 whip of venom (weapon)
 h - a +0 dagger
 u - a +1 short sword of venom
 F - a +1 war axe of chaos
 H - a +0 hunting sling
Missiles
 f - 12 poisoned darts (quivered)
 g - 55 sling bullets
 i - 201 stones
 q - 16 boomerangs
 r - 11 curare-tipped darts
 L - 3 javelins
 O - a throwing net
Armour
 c - a +0 buckler
 e - a +0 scale mail
 l - a +0 plate armour
 o - a +1 pair of boots (melded)
 A - the +0 cloak "Ziadig" (melded) {rElec rPois Int-5 Dex+3}
   (You acquired it on level 7 of the Dungeon)

   Int:       It affects your intelligence (-5).
   Dex:       It affects your dexterity (+3).
   rElec:     It insulates you from electricity.
   rPois:     It protects you from poison.
 E - a +0 kite shield (worn)
 K - a +0 hat (melded)
 N - a +1 scale mail of fire resistance (melded)
Jewellery
 n - a ring of positive energy
 p - a ring of flight
 y - a ring of resist corrosion (right branch)
 z - a ring of willpower (left branch)
 M - a +4 ring of protection
Wands
 j - a wand of paralysis (8)
 s - a wand of flame (37)
 B - a wand of iceblast (2)
Scrolls
 m - 3 scrolls of silence
 w - 5 scrolls of teleportation
 C - 2 scrolls of identify
 P - a scroll of blinking
Potions
 d - a potion of might
 k - a potion of curing
 t - a potion of haste {unknown}
 v - a potion of lignification
 x - a potion of brilliance {unknown}
 D - a potion of attraction {unknown}
 G - a potion of cancellation {unknown}
 I - a potion of heal wounds {unknown}
 J - 2 potions of mutation {unknown}
 Q - a potion of flight {unknown}


   Skills:
 - Level 11.0 Fighting
 - Level 10.0 Axes
 + Level 9.3 Armour
 - Level 9.0 Shields
 + Level 10.5 Invocations


You had 10 spell levels left.
You didn't know any spells.
Your spell library contained the following spells:

 Spells                   Type           Power      Damage    Failure   Level
 Animate Skeleton         Necr           0%         N/A       71%         1
 Apportation              Tloc           0%         N/A       71%         1
 Pain                     Necr           0%         1d4       71%         1
 Summon Small Mammal      Summ           0%         N/A       71%         1
 Ensorcelled Hibernation  Hex/Ice        0%         N/A       83%         2
 Sublimation of Blood     Necr           0%         N/A       83%         2
 Wereblood                Tmut           0%         N/A       83%         2
 Call Canine Familiar     Summ           0%         N/A       97%         3
 Portal Projectile        Hex/Tloc       0%         N/A       97%         3
 Spider Form              Tmut/Pois      0%         N/A       97%         3
 Anguish                  Hex/Necr       0%         N/A       100%        4
 Leda's Liquefaction      Hex/Erth       0%         N/A       100%        4
 Agony                    Necr           0%         N/A       100%        5
 Excruciating Wounds      Necr           0%         N/A       100%        5
 Summon Hydra             Summ           0%         N/A       100%        7


Dungeon Overview and Level Annotations

Branches:
Dungeon (10/15)            Temple (0/1) D:6            Lair (2/6) D:9
 Shoals (0/4) Lair:2
  Snake: Lair:2-4    Spider: Lair:2-4       Orc: D:9-12

Altars:
Cheibriados
Dithmenos
Elyvilon
Gozag
Makhleb
Qazlal
Vehumet
Xom
Yredelemnul

Shops:
D:5 *

Annotations:
D:4 1 runed translucent door, Atelerd's ghost, novice OpEE
D:7 1 runed translucent door
D:9 2 transporters, kalagan's ghost, novice DECj


Message History

The merfolk siren chants its luring song.
You hit the merfolk siren.
You are no longer entranced.
You kill the merfolk siren!
Makhleb accepts your kill.
You feel better. The merfolk hits you with a +0 trident.
* * * LOW HITPOINT WARNING * * *
You hit the merfolk but do no damage.
The merfolk looks as sick as possible!
The merfolk is heavily wounded.
The merfolk hits you with a +0 trident.
* * * LOW HITPOINT WARNING * * *
You hit the merfolk but do no damage.
The merfolk looks as sick as possible!
The merfolk is heavily wounded.
The merfolk hits you but does no damage.
You miss the merfolk.
The merfolk is heavily wounded.
You block the merfolk's attack.
You hit the merfolk but do no damage.
The merfolk looks as sick as possible!
The merfolk is heavily wounded.
The merfolk hits you with a +0 trident!
* * * LOW HITPOINT WARNING * * *
You barely miss the merfolk.
The merfolk is severely wounded.
The merfolk hits you but does no damage.
You completely miss the merfolk.
The merfolk is severely wounded.
You block the merfolk's attack.
You hit the merfolk.
The merfolk looks as sick as possible!
The merfolk is severely wounded.
The merfolk hits you but does no damage.
You barely miss the merfolk.
The merfolk is severely wounded.
You block the merfolk's attack.
You whack the merfolk!
The merfolk looks as sick as possible!
The merfolk is almost dead.
You block the merfolk's attack.
You hit the merfolk.
The merfolk looks as sick as possible!
The merfolk is almost dead.
The merfolk hits you with a +0 trident!
You die...

#### ####..# #P.###..#..#
#..........# ###..........#
#..)...<.....#
##...........#♣♣
#....#.....<....♣♣
#.....P.......#♣.♣♣♣♣♣♣♣
#.........#♣..#♣♣......♣♣♣♣♣
#..........)m.# ♣♣♣♣♣♣♣.♣...
##.P....#..(..# ♣♣.♣♣.
####.###.#...## ♣♣♣♣♣ ##
###(...#### ##......#####
##.....†...####
#..##.........#
...............###


You could see a merfolk (extremely poisoned).

Vanquished Creatures
  A boulder beetle (Lair:1)
  A gargoyle (D:9)
  A merfolk siren (Lair:2)
  3 cane toads
  5 komodo dragons
  2 trolls
  2 merfolk
  A hornet (D:9)
  5 spriggans (Lair:2)
  A basilisk (Lair:1)
  Grum (Lair:1)
  2 steam dragons (D:8)
  An acid dragon (D:8)
  5 water moccasins
  3 orc warriors
  2 ice beasts
  2 ogres
  4 wolves (D:9)
  3 centaurs
  2 phantoms (D:4)
  4 bullfrogs
  A gnoll sergeant (D:7)
  A wyvern zombie (D:9)
  A scorpion (D:4)
  3 wights
  A howler monkey (D:9)
  A jelly (D:4)
  5 orc priests
  A bullfrog zombie (D:6)
  2 hounds
  2 centaur skeletons
  3 iron imps (D:3)
  A gnoll shaman (D:7)
  4 iguanas
  6 orc wizards
  3 howler monkey zombies
  3 gnolls (D:7)
  6 adders
  2 white imps (D:5)
  2 shadow imps (D:6)
  2 ufetubi
  An adder zombie (D:5)
  An adder skeleton (D:4)
  2 worms
  2 dart slugs
  24 orcs
  4 ball pythons
  4 bats (D:1)
  9 endoplasms
  2 giant cockroaches
  3 goblins
  12 hobgoblins
  5 jackals
  A quokka (D:2)
  3 frilled lizards
  A goblin zombie (D:7)
  4 kobolds
  A quokka skeleton (D:4)
  11 rats
191 creatures vanquished.

Vanquished Creatures (collateral kills)
  A water moccasin (Lair:2)
1 creature vanquished.

Vanquished Creatures (others)
  An orc wizard (D:8)
  5 fungi
  23 plants
29 creatures vanquished.

Grand Total: 221 creatures vanquished

Notes
Turn   | Place    | Note
-------+----------+-------------------------------------------
     0 | D:1      | AarnesTheHuman the Hill Orc Fighter began the quest for the
                  | Orb.
     0 | D:1      | Reached XP level 1. HP: 19/19 MP: 1/1
   264 | D:1      | Reached XP level 2. HP: 26/26 MP: 2/2
   858 | D:2      | Found a faded altar of an unknown god.
   862 | D:2      | Reached XP level 3. HP: 31/31 MP: 3/3
  1374 | D:3      | Reached XP level 4. HP: 29/39 MP: 4/4
  1737 | D:3      | Found a burning altar of Makhleb.
  1774 | D:3      | Reached skill level 5 in Axes
  1774 | D:3      | Reached skill level 5 in Shields
  1774 | D:3      | Reached XP level 5. HP: 45/45 MP: 5/5
  1794 | D:3      | Became a worshipper of Makhleb the Destroyer
  1923 | D:3      | Found a white marble altar of Elyvilon.
  2629 | D:4      | Noticed a phantom
  2636 | D:4      | Killed a phantom
  2637 | D:4      | Reached XP level 6. HP: 31/52 MP: 5/8
  2834 | D:4      | Found a runed translucent door.
  2868 | D:4      | Reached skill level 4 in Fighting
  2885 | D:4      | Noticed Atelerd's ghost (novice OpEE)
  3336 | D:4      | Found a shadowy altar of Dithmenos.
  3339 | D:4      | Found a radiant altar of Vehumet.
  3468 | D:4      | Found a stormy altar of Qazlal.
  3933 | D:5      | Entered Level 5 of the Dungeon
  4057 | D:4      | Reached XP level 7. HP: 57/60 MP: 9/9
  4122 | D:5      | Found Zyreivodgh's Lightly-Used Armoury.
  4464 | D:5      | Reached skill level 5 in Fighting
  4694 | D:5      | Reached * piety under Makhleb
  5023 | D:5      | Reached skill level 5 in Armour
  5042 | D:5      | Reached XP level 8. HP: 70/70 MP: 10/10
  5066 | D:5      | Reached skill level 6 in Fighting
  6127 | D:6      | You are sucked into a shaft and drop 3 floors!
  6450 | D:7      | Found a runed translucent door.
  6475 | D:7      | Found a shimmering altar of Xom.
  6846 | D:7      | Reached ** piety under Makhleb
  6990 | D:7      | Identified the +6 rapier of the Sun {vorpal, Dex+5}
  7026 | D:6      | Found a staircase to the Ecumenical Temple.
  7303 | D:6      | Reached XP level 9. HP: 24/78 MP: 12/12
  7991 | D:7      | Identified a scroll of acquirement
  7991 | D:7      | Acquired the +0 cloak "Ziadig" {rElec rPois Int-5 Dex+3}
  8093 | D:7      | Reached skill level 7 in Fighting
  8099 | D:7      | Reached skill level 5 in Invocations
  8644 | D:7      | Found a basalt altar of Yredelemnul.
  9065 | D:8      | Reached skill level 10 in Axes
  9445 | D:8      | Found a snail-covered altar of Cheibriados.
  9816 | D:8      | Noticed a troll
  9854 | D:8      | Killed a troll
 10373 | D:8      | Found an opulent altar of Gozag.
 10393 | D:8      | HP: 2/80 [steam dragon/ball of steam (21)]
 10823 | D:9      | Noticed a troll
 10831 | D:9      | Killed a troll
 10832 | D:9      | Reached skill level 8 in Fighting
 11038 | D:9      | Noticed a hornet
 11043 | D:9      | Killed a hornet
 11123 | D:9      | Reached XP level 10. HP: 81/88 MP: 15/15
 11174 | D:9      | Noticed a gargoyle
 11497 | D:9      | Found a transporter.
 11499 | D:9      | Noticed kalagan's ghost (novice DECj)
 11501 | D:9      | Noticed a manticore
 11501 | D:9      | Noticed a moth of wrath
 11513 | D:9      | Found a transporter.
 11555 | D:9      | Found a staircase to the Lair.
 11959 | D:9      | Killed a gargoyle
 12428 | D:10     | Entered Level 10 of the Dungeon
 12847 | Lair:1   | Entered Level 1 of the Lair of Beasts
 12847 | Lair:1   | Noticed a cane toad
 12861 | D:9      | Killed a cane toad
 13211 | D:9      | HP: 3/87 [komodo dragon (19)]
 13453 | Lair:1   | Noticed a cane toad
 13468 | D:9      | Reached skill level 9 in Fighting
 13688 | Lair:1   | Killed a cane toad
 13876 | Lair:1   | Noticed Grum
 14167 | Lair:1   | Killed Grum
 14925 | Lair:1   | Noticed a boulder beetle
 14941 | Lair:1   | Killed a boulder beetle
 14942 | Lair:1   | Reached skill level 10 in Fighting
 14942 | Lair:1   | Reached XP level 11. HP: 55/99 MP: 17/17
 16047 | Lair:1   | Reached skill level 10 in Invocations
 16371 | Lair:2   | Found a staircase to the Shoals.
 16682 | Lair:1   | Reached skill level 11 in Fighting
 16941 | Lair:2   | HP: 3/153 [merfolk/+0 trident (13)]
 16947 | Lair:2   | Mangled by a merfolk

Illustrated notes

Levels and vault maps discovered:
D:1:      onia_arrival_mini_maze, layout_rooms
D:2:      layout_rooms, basic_ecumenical_altar
D:3:      wander_river, layout_basic, lemuel_coloured_pillars_altar,
          demons_altar, minmay_box_of_dots
D:4:      layout_basic, kennysheep_mini_moat, nicolae_overflow_squiral,
          ebering_ghost_reflecting_pool, portal_sewer_entry_e
D:5:      mumra_celtic_spiral_tile, layout_basic, minmay_shop_damaged,
          guppyfry_early_orc_mine
D:6:      layout_loops_ring, minmay_temple_entry_gardened_gates
D:7:      layout_gridville, lemuel_tele_altar, dk_yredelemnul_ordeal,
          minmay_fractal_squares_5
D:8:      layout_loops_corners, mainiacjoe_overflow_brackets,
          cheibriados_altar_1
D:9:      layout_layer_cave, david_lair_shrubbed,
          gammafunk_ghost_berserking_beasts
D:10:     layout_long_grid, hangedman_ru_absence, zin_treasury,
          fedhas_altar_fruit_tree, st_stairs_1
Lair:1:   layout_long_grid, eino_small_chamber_without_monster,
          lemuel_fruit_fields, uniq_grum
Lair:2:   kb_forest_paths, layout_hall_layers, elwin_shoals_entry_stream,
          lemuel_fruit_tree

Skill      XL: |  1  2  3  4  5  6  7  8  9 10 11 |
---------------+----------------------------------+-----
Axes           | 3 4 5 6 7 9 10 | 10.0
Shields        | 4 5 7 9 |  9.0
Invocations    | 3 4 7 9 10 | 10.5
Fighting       | 4 5 6 8 10 11 | 11.0
Armour         | 4 5 7 8 9 |  9.3

Action                   |  1- 3 |  4- 6 |  7- 9 | 10-12 || total
-------------------------+-------+-------+-------+-------++-------
Melee: War axe           |    89 |   117 |   215 |       ||   421
       Whip              |       |       |   196 |   390 ||   586
 Fire: Hunting sling     |       |     5 |    22 |     2 ||    29
Throw: Dart              |       |       |    13 |     8 ||    21
       Javelin           |       |       |       |     2 ||     2
Invok: Minor Destruction |       |       |       |     1 ||     1
Evoke: Wand              |       |       |     7 |     9 ||    16
  Use: Scroll            |       |     7 |     8 |     4 ||    19
       Potion            |       |       |       |     3 ||     3
 Stab: Distracted        |       |       |       |     2 ||     2
Armor: Scale mail        |    23 |       |       |    98 ||   121
       Plate armour      |    15 |    71 |   283 |       ||   369
       Skin              |       |       |       |     5 ||     5
Dodge: Dodged            |    28 |    28 |    85 |    84 ||   225
Block: Buckler           |    20 |    21 |    23 |       ||    64
       Kite shield       |       |       |   143 |   165 ||   308
